 Dungeon Crawl Stone Soup version 0.29.1-12-g30fa7ad0bf (webtiles) character file.

Game seed: 11021179821318826734

123539 sillycutie the Severer (level 16, -15/139 HPs)
             Began as a Minotaur Berserker on Jan 11, 2023.
             Was a Believer of Trog.
             Killed from afar by a shock serpent (19 damage)
             ... with a bolt of electricity
             ... on level 3 of the Snake Pit on Jan 14, 2023.
             The game lasted 05:07:00 (38952 turns).

sillycutie the Severer (Minotaur Berserker)        Turns: 38952, Time: 05:07:01

Health: -15/139    AC: 39    Str: 28    XL:     16   Next: 37%
Magic:  15/15      EV:  5    Int:  2    God:    Trog [**....]
Gold:   2307       SH: 19    Dex: 12    Spells: 15/15 levels left

rFire   . . .      SeeInvis .   a - +5 broad axe (spect)
rCold   . . .      Faith    .   d - +0 kite shield {reflect}
rNeg    . . .      Spirit   .   p - +10 plate armour {ponderous}
rPois   +          Reflect  +   G - +2 hat {Will+}
rElec   .          Harm     .   e - +2 cloak
rCorr   .          Rampage  .   F - +0 pair of gloves
Will    +++..                   r - +2 pair of boots
Stlth   ..........              v - amulet of reflection
HPRegen 0.33/turn               E - ring of poison resistance
MPRegen 0.14/turn               L - ring of willpower

@: on berserk cooldown, slowed, constricted, studying Throwing, very slow
A: horns 2, retaliatory headbutt, dopey 1, frail 1
a: Renounce Religion, Berserk, Trog's Hand


You were on level 3 of the Snake Pit.
You worshipped Trog.
Trog was pleased with you.
You visited 4 branches of the dungeon, and saw 25 of its levels.
You visited the Abyss 1 time.
You also visited: Ice Cave.

You collected 2684 gold pieces.
You spent 377 gold pieces at shops.

Inventory:

Hand Weapons
 a - a +5 spectral broad axe (weapon)
 b - a +4 war axe of flaming
 f - a +0 hand axe of venom
 K - a +1 vorpal battleaxe
Missiles
 g - 127 stones
 t - 41 poisoned darts (quivered)
Armour
 d - a +0 kite shield of reflection (worn)
 e - a +2 cloak (worn)
 p - a +10 plate armour of ponderousness (worn)
 r - a +2 pair of boots (worn)
 F - a +0 pair of gloves (worn)
 G - a +2 hat of willpower (worn)
 M - a +2 plate armour of poison resistance
Jewellery
 n - a ring of see invisible
 v - an amulet of reflection (around neck)
 y - a ring of protection from cold
 D - a ring of resist corrosion
 E - a ring of poison resistance (left hand)
 L - a ring of willpower (right hand)
 P - a +6 ring of strength
 R - a ring of flight
 Y - a ring of magical power
Wands
 s - a wand of roots (4)
 x - a wand of charming (15)
 H - a wand of mindburst (30)
 N - a wand of flame (20)
 O - a wand of light (5)
 T - a wand of digging (5)
 V - a wand of polymorph (18)
Scrolls
 c - 2 scrolls of poison
 h - a scroll of silence
 k - a scroll of brand weapon
 m - a scroll of identify
 o - a scroll of blinking
 q - 3 scrolls of fog
 u - 8 scrolls of fear
 B - a scroll of magic mapping
 C - 7 scrolls of teleportation
 I - 2 scrolls of immolation
 Z - a scroll of summoning
Potions
 i - a potion of invisibility
 j - 4 potions of mutation
 l - 4 potions of berserk rage
 w - 3 potions of might
 z - 4 potions of flight
 A - 2 potions of magic
 J - 4 potions of heal wounds
 Q - 2 potions of lignification
 U - 6 potions of ambrosia
 X - 2 potions of curing


   Skills:
 + Level 17.4 Fighting
 + Level 19.8 Axes
 + Level 2.3 Throwing
 + Level 17.2 Armour
 - Level 2.1 Dodging
 + Level 17.1 Shields


You had 15 spell levels left.
You didn't know any spells.
Your spell library was empty.

Dungeon Overview and Level Annotations

Branches:
Dungeon (15/15)            Temple (0/1) D:6            Lair (5/5) D:11
 Shoals (0/4) Lair:3        Snake (3/4) Lair:2        Slime (0/5) Lair:5
    Orc (2/2) D:11            Elf (0/3) Orc:2        Vaults (0/5) D:13
 Depths (0/4) D:15          IceCv (visited)

Altars:
Dithmenos
Hepliaklqana
Kikubaaqudgha
Nemelex Xobeh
Okawaru
Qazlal
Ru
Trog
Uskayaw
Vehumet
Wu Jian
Xom
Zin

Shops:
D:8 :   D:9 (=   D:11 :(=(*   D:15 [   Orc:2 *?([   Snake:1 !:==(=

Portals:
Trove: D:12 (give 12 potions of heal wounds)

Annotations:
Lair:1 3 runed translucent doors, Kitec's ghost, journeyman MiFi; yeehawbw's ghost, journeyman PaBe


Innate Abilities, Weirdness & Mutations

You have a pair of horns on your head.
You reflexively headbutt those who attack you in melee.
You are dopey. (Int -2)
You are frail. (-10% HP)


Message History

You are no longer poisoned.
The shock serpent hisses angrily.
Your skin stops crawling.
You feel less strong-willed.
You feel better. You block the shock serpent's attack.
You slash the shock serpent!
You headbutt the shock serpent, but do no damage.
The shock serpent is lightly wounded.
You closely miss the naga warrior.
Your +5 spectral broad axe closely misses the naga warrior.
The shock serpent's electric aura discharges, shocking you!
You block the naga's attack. You block the naga warrior's attack.
The naga warrior closely misses you. You block the shock serpent's attack.
You barely miss the shock serpent.
The shock serpent is lightly wounded.
You closely miss the naga warrior.
Your +5 spectral broad axe hits the naga warrior!!
You block the shock serpent's attack.
The naga warrior hits you with a +0 mace!!
The naga warrior grabs you. The naga warrior constricts you.
* * * LOW HITPOINT WARNING * * *
The naga hits you but does no damage.
The shock serpent bites you but does no damage.
You block the naga warrior's attack. The naga warrior constricts you.
* * * LOW HITPOINT WARNING * * *
The naga hits you but does no damage.
You slice the shock serpent!!
The shock serpent is severely wounded.
The naga warrior blocks your attack.
Your +5 spectral broad axe hits the naga warrior!!
The shock serpent's electric aura discharges violently, shocking you!
* * * LOW HITPOINT WARNING * * *
The shock serpent shoots out a bolt of lightning at you!
The bolt of electricity hits you!!
* * * LOW HITPOINT WARNING * * *
The bolt of electricity hits your +5 spectral broad axe.
Your +5 spectral broad axe resists.
Your spectral weapon shares its damage with you!
The bolt of electricity misses your +5 spectral broad axe.
The bolt of electricity hits you!!
You die...

#...†# #..........⌠.
#...## #...[.......)
##†..# #.#8###8##...
###N# #.### ####...
#.## #...## #8...
#.N### #....# ##...
##..N###...(# #...
#########N.......#
##...
.......S@(.##...##
#8...
.###########.##...#
###...
.>......####.##...#
##.....
#.......!..######
#..####
#...[.####.....# #)##
###...####.###.####)#
#...##.... #.##...#
#...##....##^##...####
#..[.........##......#


You could see a naga warrior (strong), a shock serpent (ally target), a naga
(strong) and a friendly +5 spectral broad axe (summoned).

Vanquished Creatures
  Gastronok (D:8)
  Donald (Snake:1)
  Nessos (D:13)
  A great orb of eyes (D:15)
  A rakshasa (D:15)
  An ice dragon (D:15)
  Josephine (D:13)
  5 hydras
  A vault guard (D:12)
  2 boulder beetles (D:14)
  An ogre mage (D:15)
  4 centaur warriors
  13 two-headed ogres
  A catoblepas (D:15)
  2 dancing weapons (D:13)
  4 anacondas
  4 naga warriors
  2 death yaks (Lair:3)
  2 death knights
  4 orc high priests (Orc:2)
  A tengu warrior (D:15)
  7 shock serpents
  5 naga sharpshooters
  Urug (D:10)
  Amaemon (D:8)
  8 skeletal warriors
  4 naga ritualists (Snake:2)
  2 phantasmal warriors
  7 mana vipers
  5 orc knights (Orc:2)
  4 manticores
  8 salamanders
  8 ugly things
  5 cyclopes
  An orc sorcerer (Orc:2)
  A merfolk siren (Lair:3)
  21 black mambas
  3 guardian serpents (Snake:1)
  9 elephants
  16 naga magi
  3 gargoyles
  A torpor snail (Lair:3)
  An ice statue (IceCv)
  2 unseen horrors
  An orange demon (D:8)
  10 cane toads
  Psyche (D:8)
  4 rime drakes
  2 tengu conjurers
  7 komodo dragons
  2 kobold demonologists (D:11)
  An anaconda simulacrum (IceCv)
  3 freezing wraiths
  A queen bee (Lair:1)
  5 trolls
  A tarantella (shapeshifter) (D:15)
  A hornet (shapeshifter) (D:15)
  3 polar bears
  Grinder (D:5)
  9 blink frogs
  8 slime creatures
  A culicivora (shapeshifter) (D:13)
  4 shadows
  9 wraiths
  2 vampires
  2 wyverns
  A steam dragon (D:8)
  37 yaks
  8 basilisks
  A neqoxec (Abyss:2)
  2 vampire mosquitoes (D:13)
  Menkaure (D:6)
  26 nagas
  4 wargs
  2 acid dragons
  2 harpy simulacra (IceCv)
  15 water moccasins
  A meliai simulacrum (D:14)
  34 orc warriors
  2 black bears (D:6)
  An ice beast (D:6)
  3 sky beasts
  10 ogres
  4 wolves (Lair:2)
  A wolf (shapeshifter) (D:15)
  8 centaurs
  6 phantoms
  2 kobold brigands
  10 bullfrogs
  4 necrophages
  3 gnoll sergeants (D:9)
  3 scorpions
  9 two-headed ogre simulacra (IceCv)
  4 cane toad simulacra (IceCv)
  A water moccasin zombie (D:6)
  3 wights (D:6)
  A hornet simulacrum (D:13)
  5 elephant simulacra (IceCv)
  19 killer bees (Lair:1)
  6 howler monkeys
  3 electric eels (Lair:4)
  A bullfrog zombie (D:6)
  A human zombie (D:6)
  26 orc priests
  A gnoll bouda (D:6)
  3 hounds
  4 iguanas
  21 orc wizards
  3 spriggan simulacra (IceCv)
  4 troll simulacra (IceCv)
  3 polar bear simulacra (IceCv)
  A wolf simulacrum (IceCv)
  2 mummies (D:6)
  15 gnolls
  2 howler monkey zombies (D:6)
  4 adders
  6 naga simulacra (IceCv)
  7 white imps
  9 ufetubi (IceCv)
  3 worms (D:2)
  A dart slug (D:1)
  96 orcs
  4 endoplasms
  3 giant cockroaches
  10 goblins
  10 hobgoblins
  8 jackals
  30 kobolds
  4 quokkas
  4 ball pythons
  4 bats
  7 frilled lizards
  4 rats
797 creatures vanquished.

Vanquished Creatures (collateral kills)
  A reaper (IceCv)
  An orc high priest (Orc:2)
  A cyclops (D:14)
  A tengu conjurer (D:14)
  A freezing wraith (D:14)
  An ice devil (IceCv)
  A death yak simulacrum (IceCv)
  2 neqoxecs (Abyss:2)
  An orc warrior (Orc:2)
  An orc (Orc:2)
11 creatures vanquished.

Vanquished Creatures (others)
  An orc (D:8)
  23 fungi
  84 plants
108 creatures vanquished.

Grand Total: 916 creatures vanquished

Notes
Turn   | Place    | Note
-------+----------+-------------------------------------------
     0 | D:1      | sillycutie the Minotaur Berserker began the quest for the
                  | Orb.
     0 | D:1      | Reached XP level 1. HP: 19/19 MP: 0/0
    63 | D:1      | Reached skill level 4 in Axes
   148 | D:1      | Reached XP level 2. HP: 23/26 MP: 1/1
   889 | D:1      | Reached skill level 5 in Axes
  1199 | D:1      | Reached XP level 3. HP: 31/31 MP: 2/2
  1522 | D:2      | Found a hide-covered altar of Uskayaw.
  1929 | D:2      | Reached ** piety under Trog
  2583 | D:3      | Reached skill level 6 in Axes
  2583 | D:3      | Reached XP level 4. HP: 39/39 MP: 3/3
  3334 | D:4      | Noticed an ogre
  3341 | D:4      | Killed an ogre
  3342 | D:4      | Reached skill level 7 in Axes
  3342 | D:4      | Reached XP level 5. HP: 45/45 MP: 4/4
  3786 | D:4      | Noticed a phantom
  3801 | D:4      | Killed a phantom
  3802 | D:4      | Reached skill level 8 in Axes
  3802 | D:4      | Reached XP level 6. HP: 51/51 MP: 5/5
  4024 | D:4      | Reached skill level 9 in Axes
  4268 | D:5      | Entered Level 5 of the Dungeon
  4296 | D:5      | Reached XP level 7. HP: 57/57 MP: 6/6
  4300 | D:5      | Reached skill level 10 in Axes
  4339 | D:5      | Found a hazy altar of Hepliaklqana.
  4339 | D:5      | Found an iron altar of Okawaru.
  4350 | D:5      | Found a sparkling altar of Nemelex Xobeh.
  5352 | D:5      | Reached skill level 11 in Axes
  6116 | D:5      | Found an ornate altar of the Wu Jian Council.
  6429 | D:5      | Noticed Grinder
  6435 | D:5      | Killed Grinder
  6436 | D:5      | Reached skill level 12 in Axes
  6436 | D:5      | Reached XP level 8. HP: 64/64 MP: 7/7
  6652 | D:6      | Reached skill level 13 in Axes
  7249 | D:6      | Found a shimmering altar of Xom.
  7263 | D:6      | Reached skill level 14 in Axes
  7380 | D:6      | Reached XP level 9. HP: 69/70 MP: 8/8
  7716 | D:6      | Found a staircase to the Ecumenical Temple.
  7812 | D:6      | Noticed Menkaure
  7820 | D:6      | Killed Menkaure
  7821 | D:6      | Reached skill level 15 in Axes
  8000 | D:6      | Found an ancient bone altar of Kikubaaqudgha.
  8236 | D:7      | Reached skill level 16 in Axes
  9659 | D:8      | Reached skill level 17 in Axes
  9714 | D:8      | Noticed Amaemon
  9721 | D:8      | Reached XP level 10. HP: 77/77 MP: 9/9
  9726 | D:8      | Noticed an orange demon
  9905 | D:8      | Noticed Psyche
  9914 | D:8      | Killed Psyche
 10056 | D:8      | Killed Amaemon
 10057 | D:8      | Reached skill level 18 in Axes
 10075 | D:8      | Killed an orange demon
 10076 | D:8      | Reached skill level 1 in Shields
 10143 | D:8      | Noticed Gastronok
 10197 | D:8      | Killed Gastronok
 10198 | D:8      | Reached skill level 5 in Fighting
 10732 | D:8      | Found Pifamm's Book Emporium.
 10933 | D:9      | Noticed a two-headed ogre
 10939 | D:9      | Killed a two-headed ogre
 10940 | D:9      | Reached skill level 5 in Armour
 10940 | D:9      | Reached XP level 11. HP: 82/89 MP: 10/10
 11258 | D:9      | Noticed a two-headed ogre
 11265 | D:9      | Killed a two-headed ogre
 11266 | D:9      | Reached skill level 5 in Shields
 11352 | D:9      | Found a glowing silver altar of Zin.
 11359 | D:9      | Found Ludo's Weapon Shop.
 11418 | D:9      | Found a sacrificial altar of Ru.
 11479 | D:9      | Found Gyekoad's Jewellery Shoppe.
 11690 | D:9      | Found a shadowy altar of Dithmenos.
 11941 | D:10     | Entered Level 10 of the Dungeon
 12064 | D:10     | Noticed a white ugly thing
 12073 | D:10     | Killed a white ugly thing
 12392 | D:10     | Found a bloodstained altar of Trog.
 12649 | D:10     | Found a radiant altar of Vehumet.
 12713 | D:10     | Noticed Urug
 12722 | D:10     | Killed Urug
 13224 | D:11     | Noticed a centaur warrior
 13239 | D:11     | Killed a centaur warrior
 13777 | D:11     | Found Beduf's Assorted Antiques.
 13849 | D:11     | Noticed a sixfirhy
 13958 | D:11     | Noticed a two-headed ogre
 13966 | D:11     | Killed a two-headed ogre
 14169 | D:11     | Found Piqeurih's Weapon Shoppe.
 14245 | D:11     | Found Gim Yfeh's Antique Weapon Boutique.
 14258 | D:11     | Found a staircase to the Lair.
 14293 | D:11     | Found Lothrygh's Book Shoppe.
 14382 | D:11     | Reached XP level 12. HP: 104/104 MP: 11/11
 14397 | D:11     | Found a staircase to the Orcish Mines.
 14565 | D:11     | Found Dymagitz's Jewellery Emporium.
 15332 | D:12     | Noticed a two-headed ogre
 15343 | D:12     | Killed a two-headed ogre
 15484 | D:12     | Found a portal to a secret trove of treasure.
 15484 | D:12     | Noticed a vault guard
 15491 | D:12     | Killed a vault guard
 15761 | Lair:1   | Entered Level 1 of the Lair of Beasts
 15761 | Lair:1   | Noticed a seven-headed hydra
 15767 | Lair:1   | Killed a four-headed hydra
 15768 | Lair:1   | Reached skill level 10 in Fighting
 15787 | Lair:1   | Noticed a four-headed hydra
 15799 | Lair:1   | Killed a one-headed hydra
 16081 | Lair:1   | Reached skill level 10 in Armour
 16246 | Lair:1   | Found a runed translucent gate.
 16246 | Lair:1   | Found a runed translucent gate.
 16246 | Lair:1   | Found a runed translucent gate.
 16247 | Lair:1   | Noticed yeehawbw's ghost (journeyman PaBe)
 16247 | Lair:1   | Noticed Kitec's ghost (journeyman MiFi)
 16263 | Lair:1   | Identified the +11 flail of the Toadstool {freeze, rC+
                  | rCorr Dex-2}
 16324 | Lair:1   | Reached skill level 10 in Shields
 17630 | Lair:2   | Reached *** piety under Trog
 17695 | Lair:2   | Reached XP level 13. HP: 80/116 MP: 12/12
 18154 | Lair:2   | Found a staircase to the Snake Pit.
 18968 | Snake:1  | Entered Level 1 of the Snake Pit
 19395 | Lair:3   | Found a staircase to the Shoals.
 22339 | Lair:5   | Entered Level 5 of the Lair of Beasts
 22571 | Orc:1    | Entered Level 1 of the Orcish Mines
 22679 | Orc:1    | You fall into a shaft and drop 1 floor!
 22679 | Orc:2    | Entered Level 2 of the Orcish Mines
 22679 | Orc:2    | Found a frozen archway.
 23055 | IceCv    | Entered an ice cave
 23542 | IceCv    | Reached XP level 14. HP: 130/130 MP: 13/13
 23571 | IceCv    | Reached **** piety under Trog
 24177 | IceCv    | Noticed a reaper
 24203 | IceCv    | Killed a reaper
 24245 | IceCv    | Found the +2 Maxwell's thermic engine {flame, freeze}
 25107 | Orc:2    | Found a staircase to the Elven Halls.
 25387 | Abyss:1  | Cast into level 1 of the Abyss (orc priest)
 25400 | Abyss:2  | Gained mutation: You are dopey. (Int -2) [a neqoxec]
 25401 | Abyss:2  | Gained mutation: You are frail. (-10% HP) [a neqoxec]
 25417 | Orc:2    | Escaped the Abyss
 27563 | Orc:2    | Found Ehig's Antique Armour Shop.
 27566 | Orc:2    | Found Siweufozib's Assorted Antiques.
 27567 | Orc:2    | Found Quolluso's Weapon Shop.
 27568 | Orc:2    | Found Vyqotane's Magic Scroll Boutique.
 27573 | Orc:2    | Bought a scroll of identify for 72 gold pieces
 27573 | Orc:2    | Bought a scroll of identify for 72 gold pieces
 27575 | Orc:2    | Bought a scroll of identify for 34 gold pieces
 27575 | Orc:2    | Bought a scroll of identify for 34 gold pieces
 28291 | D:13     | Reached skill level 15 in Fighting
 28676 | D:13     | Noticed Josephine
 28691 | D:13     | Killed Josephine
 29293 | D:13     | Reached skill level 15 in Armour
 29337 | D:13     | Noticed Nessos
 29369 | D:13     | Found a gate to the Vaults.
 29372 | D:13     | Killed Nessos
 29373 | D:13     | Reached skill level 15 in Shields
 30294 | D:14     | Reached XP level 15. HP: 128/128 MP: 14/14
 31240 | D:15     | Entered Level 15 of the Dungeon
 32023 | D:15     | Found a staircase to the Depths.
 32178 | D:15     | Paralysed by a hornet for 1 turns
 32461 | D:15     | Found Enagui's Superior Scales.
 32537 | D:15     | Found a stormy altar of Qazlal.
 33261 | Snake:1  | Reached skill level 19 in Axes
 34029 | Snake:1  | Found Byogism's Jewellery Emporium.
 34980 | Snake:1  | Found Kiff's Weapon Boutique.
 34986 | Snake:1  | Identified a scroll of acquirement
 35253 | Snake:1  | Noticed Donald
 35275 | Snake:1  | Killed Donald
 35388 | Snake:1  | Found Imiamnazaff's Distillery.
 35415 | Snake:1  | Bought a potion of heal wounds for 55 gold pieces
 35415 | Snake:1  | Bought a potion of heal wounds for 55 gold pieces
 35415 | Snake:1  | Bought a potion of heal wounds for 55 gold pieces
 35593 | Snake:1  | Found Vonil's Jewellery Emporium.
 35595 | Snake:1  | Found Noyciopp's Book Shop.
 35597 | Snake:1  | Found Daofiuqa's Jewellery Emporium.
 36832 | Snake:2  | Reached XP level 16. HP: 139/139 MP: 15/15
 38296 | Snake:2  | Acquired a manual of Throwing
 38446 | Snake:3  | Reached skill level 1 in Throwing
 38952 | Snake:3  | HP: 4/139 [shock serpent/bolt of electricity (28)]
 38952 | Snake:3  | Killed from afar by a shock serpent

Illustrated notes

Levels and vault maps discovered:
D:1:      dreamdust_arrival_sigmund_warning, layout_basic
D:2:      layout_loops_ring, basic_altar
D:3:      layout_basic, kennysheep_generic_room_6
D:4:      layout_loops_ring, minivault_26
D:5:      kennysheep_kobold_camp, layout_loops_ring,
          nicolae_wu_jian_immortal_techniques,
          chequers_temple_overflow_statue_of_worship, uniq_grinder
D:6:      minmay_angry_zag, layout_basic, lemuel_round_altar,
          lemuel_mausoleum_altar_kikubaaqudgha, minmay_temple_entry_waves,
          uniq_menkaure
D:7:      layout_basic, roderic_lattice_a, minmay_hedge_maze,
          kennysheep_generic_room_12
D:8:      layout_rooms, serial_shops,
          nicolae_shop_temple_entry_statues_fountains, enter_bailey_3,
          uniq_amaemon, uniq_psyche, uniq_gastronok
D:9:      layout_gridville, zin_academy, mainiacjoe_overflow_six_doors_small,
          mainiacjoe_overflow_alcove_2, serial_shops, kennysheep_little_box,
          nicolae_shop_stone, chequers_serial_rivers_micro_d
D:10:     layout_cave_pods, mainiacjoe_overflow_tiny_flanked,
          vehumet_altar_wand_db, uniq_urug
D:11:     layout_basic, erik_lair_orcish_takeover, hiddenorc1_lemuel,
          serial_shops, shop_statue, shop_fountains, nicolae_shop_statue_plus,
          shop, nicolae_square_shop
D:12:     layout_roguey, enter_trove_5
D:13:     layout_loops_ring, erik_vaults_1, uniq_nessos, uniq_josephine
D:14:     layout_big_octagon, dk_noncrumbling_3
D:15:     gammafunk_enter_depths_forms, layout_loops_corners,
          nicolae_qazlal_scattered_showers, hellmonk_scale_shop
Lair:1:   layout_cave_pods, special_room [special_room_bee],
          gammafunk_ghost_cemetery
Lair:2:   layout_cave_pods, guppyfry_snake_entry_garden, beast_lair_carwin_9
Lair:3:   layout_layer_cave, minmay_shoals_entry_lonely_mermaid,
          grunt_forest_small_clearings, grunt_megastairs_4
Lair:4:   layout_regular_city, serial_bayou_shore_a, infiniplex_staircase_pool_2
Lair:5:   cheibrodos_lair_end_hotspot, layout_cave_pods, slime_entry_1
Snake:1:  layout_onion, serial_shops, nicolae_shop_advertising_works
          [nicolae_subvault_shop_adworks], nicolae_shop_bloodbath_and_beyond,
          nicolae_shop_waterfront, nrook_guardian_serpent_ordinary,
          minmay_shop_grove, uniq_donald
Snake:2:  layout_cave_town, nicolae_snake_yet_another_twisty_hallway, drop_trap
Snake:3:  layout_misc_corridors, corexii_hall_statues_x, grunt_megastairs_1,
          serial_bayou_shore_b
Orc:1:    layout_caves, lightli_orcish_oven
Orc:2:    st_orc_pillars, layout_diamond_mine, portal_ice_cave_entry_pillars_1

Skill      XL: |  1  2  3  4  5  6  7  8  9 10 11 12 13 14 15 16 |
---------------+-------------------------------------------------+-----
Axes           | 4 5 6 7 8 9 12 14 17 18 19 | 19.8
Fighting       | 5 9 11 13 15 17 | 17.4
Armour         | 5 8 11 13 15 16 17 | 17.2
Shields        | 4 8 11 13 15 16 17 | 17.1
Throwing       | 2 |  2.3
Dodging        | |  2.1

Action                   |  1- 3 |  4- 6 |  7- 9 | 10-12 | 13-15 | 16-18 || total
-------------------------+-------+-------+-------+-------+-------+-------++-------
Melee: Hand axe          |   108 |    39 |       |       |       |       ||   147
       Headbutt          |    18 |     8 |    50 |    90 |   243 |    30 ||   439
       War axe           |       |    24 |   282 |   464 |   996 |    95 ||  1861
       Punch             |       |     1 |     1 |       |       |       ||     2
       Unarmed           |       |       |    31 |       |       |       ||    31
       Broad axe         |       |       |       |       |   143 |    30 ||   173
Throw: Dart              |       |       |    33 |    52 |    77 |    24 ||   186
Invok: Berserk           |     1 |     2 |    13 |    29 |    37 |    10 ||    92
       Trog's Hand       |     1 |     2 |    12 |    15 |    44 |     9 ||    83
       Brothers in Arms  |       |       |       |       |     5 |       ||     5
  Use: Scroll            |     6 |     3 |    11 |    10 |    19 |     5 ||    54
       Potion            |       |       |     4 |     3 |    17 |     1 ||    25
 Stab: Distracted        |       |       |       |       |     2 |       ||     2
       Petrified         |       |       |       |       |     2 |       ||     2
Armor: Animal skin       |     2 |       |       |       |       |       ||     2
       Ring mail         |    18 |       |       |       |       |       ||    18
       Chain mail        |     9 |    30 |    98 |       |       |       ||   137
       Skin              |       |       |    20 |       |       |       ||    20
       Plate armour      |       |       |     2 |   233 |   486 |    50 ||   771
Dodge: Dodged            |    60 |    21 |    72 |   105 |   204 |    27 ||   489
Block: Other             |       |       |     4 |       |       |       ||     4
       Buckler           |       |       |    52 |   219 |   599 |       ||   870
       Reflection        |       |       |     3 |    14 |    45 |    29 ||    91
       Kite shield       |       |       |       |       |    56 |   103 ||   159
